 Dungeon Crawl Stone Soup version 0.29-a0-648-g6b26cc9f40 (webtiles) character file.

Game seed: 7091742125855132549

24616 DocClef the Impaler (level 12, -7/112 HPs)
             Began as a Minotaur Gladiator on June 20, 2022.
             Was a High Priest of Okawaru.
             Mangled by a death yak (21 damage)
             ... on level 3 of the Lair of Beasts.
             The game lasted 00:18:41 (13720 turns).

DocClef the Impaler (Minotaur Gladiator)           Turns: 13720, Time: 00:18:41

Health: -7/112     AC: 10    Str: 29      XL:     12   Next: 82%
Magic:  9/11       EV: 15    Int:  5      God:    Okawaru [*****.]
Gold:   923        SH:  4    Dex: 12 (13) Spells: 11/11 levels left

rFire   . . .      SeeInvis .   C - +5 scythe "Finisher" {speed, eviscerate}
rCold   . . .      Faith    .   (shield currently unavailable)
rNeg    . . .      Spirit   .   p - +0 troll leather armour
rPois   .          Reflect  .   c - +0 hat
rElec   .          Harm     .   (no cloak)
rCorr   .          Rampage  .   u - +0 pair of gloves
Will    .....                   (no boots)
Stlth   +++.......              (no amulet)
HPRegen 1.08/turn               G - +6 ring of strength
MPRegen 0.12/turn               E - +4 ring of protection

@: heroic
A: horns 2, retaliatory headbutt, large bone plates 1, deterioration 1
a: Renounce Religion, Heroism, Finesse, Duel


You were on level 3 of the Lair of Beasts.
You worshipped Okawaru.
Okawaru was extremely pleased with you.
You visited 3 branches of the dungeon, and saw 17 of its levels.

You collected 923 gold pieces.

Inventory:

Hand Weapons
 a - a +1 war axe of electrocution
 A - a +4 glaive of protection
 C - the +5 scythe "Finisher" (weapon) {speed, eviscerate}
   (You took it off a centaur on level 11 of the Dungeon)

   Attacks with this weapon are significantly faster.
   It may eviscerate those it strikes, slaying them instantly, with a decreasing
   chance against stronger foes.
Missiles
 d - 3 throwing nets (quivered)
 e - 3 javelins
Armour
 c - a +0 hat (worn)
 p - a +0 troll leather armour (worn)
 u - a +0 pair of gloves (worn)
 v - the +1 scale mail of Dawn {rC+ Str+3 Stlth+}
   (You found it on level 7 of the Dungeon)

   Str:       It affects your strength (+3).
   rC:        It protects you from cold.
   Stlth:     It makes you more stealthy.
Jewellery
 o - a ring of positive energy
 r - an amulet of magic regeneration
 E - a +4 ring of protection (right hand)
 G - a +6 ring of strength (left hand)
 L - a ring of fire
Wands
 l - a wand of acid (14)
 y - a wand of flame (14)
 z - a wand of mindburst (31)
 D - a wand of iceblast (4)
Scrolls
 b - 6 scrolls of teleportation
 i - a scroll of enchant weapon
 m - 15 scrolls of identify
 q - 2 scrolls of torment
 t - 2 scrolls of fear
 H - 2 scrolls of enchant armour {unknown}
 J - a scroll of silence {unknown}
 M - a scroll of amnesia
 O - a scroll of fog
Potions
 f - 3 potions of lignification
 g - a potion of resistance
 h - 7 potions of might
 j - 4 potions of curing
 k - 2 potions of mutation
 n - a potion of ambrosia
 s - 6 potions of attraction
 x - 2 potions of haste
 B - a potion of brilliance
 I - 2 potions of heal wounds
 K - a potion of magic {unknown}
 N - a potion of cancellation {unknown}


   Skills:
 - Level 12.0(17.0) Fighting
 - Level 15.0(23.5) Axes
 + Level 17.7(24.8) Polearms
 - Level 2.0(7.0) Throwing
 - Level 3.2(8.2) Dodging


You had 11 spell levels left.
You didn't know any spells.
Your spell library contained the following spells:

 Spells                   Type           Power      Damage    Failure   Level
 Freeze                   Ice            0%         1d3       52%         1
 Magic Dart               Conj           0%         1d3       52%         1
 Necrotize                Necr           0%         1d4       52%         1
 Poisonous Vapours        Pois/Air       0%         N/A       65%         2
 Searing Ray              Conj           0%         2d4       65%         2
 Frozen Ramparts          Ice            0%         1d2       87%         3
 Vampiric Draining        Necr           0%         2d6       87%         3
 Corpse Rot               Necr/Pois/Air  0%         N/A       99%         4
 Fulminant Prism          Conj/Hex       0%         3d6       99%         4
 Hailstorm                Conj/Ice       0%         3d3       99%         4
 Agony                    Necr           0%         N/A       100%        5


Dungeon Overview and Level Annotations

Branches:
Dungeon (12/15)            Temple (1/1) D:4            Lair (4/6) D:8
  Swamp (0/4) Lair:3       Spider (0/4) Lair:4          Orc (0/2) D:10

Altars:
Ashenzari
Cheibriados
Dithmenos
Elyvilon
Fedhas
Gozag
Hepliaklqana
Kikubaaqudgha
Makhleb
Nemelex Xobeh
Okawaru
Qazlal
Ru
Sif Muna
Trog
Uskayaw
Vehumet
Wu Jian
Xom
Yredelemnul
Zin
The Shining One

Shops:
D:3 *[?   D:8 (

Annotations:
Lair:1 exclusion: oklob plant


Innate Abilities, Weirdness & Mutations

You have a pair of horns on your head.
You reflexively headbutt those who attack you in melee.
You are partially covered in large bone plates. (SH +4)
Your body sometimes deteriorates upon taking damage.


Message History

You headbutt the death yak, but do no damage.
The death yak gores you!
You slash the death yak!
You blow up the death yak!
Okawaru accepts your kill.
No target in view!
No target in view!
You start resting.
HP restored.
You climb downwards.
You feel an oppressive heat about you.
There is an entrance to a volcano on this level.
Hurry and find it before the entrance collapses!
A polar bear comes into view.
The death yak completely misses you. The komodo dragon bites you!
There is a stone staircase leading up, spattered with blood here.
The polar bear growls angrily.
The death yak gores you but does no damage.
You block the death yak's attack. The komodo dragon bites you!!
You climb upwards.
There is a stone staircase leading down, spattered with blood here.
You gain the combat prowess of a mighty hero.
The death yak closely misses you. The death yak gores you!
The komodo dragon bites you!!
You fail to use your ability.
The death yak gores you!!
* * * LOW HITPOINT WARNING * * *
You block the death yak's attack.
The komodo dragon bites you but does no damage.
The death yak attacks as you move away! The death yak gores you!
* * * LOW HITPOINT WARNING * * *
Your body deteriorates!
You feel clumsy.
The komodo dragon attacks as you move away!
The komodo dragon completely misses you.
You open the death yak like a pillowcase!!!
The death yak is heavily wounded.
You block the death yak's attack. The death yak closely misses you.
You furiously retaliate!
You headbutt the death yak, but do no damage.
Unknown command.
The death yak attacks as you move away! The death yak gores you!!
You die...

.........................>....##.
............(................#...
.............................#...
...........................#.....
.................................
....##.##...........#..####..⌠...
....##..#........###..⌠.##.......
....##...........###.....#.......
....#....#......@.##⌠.<..'.⌠.<.⌠.
.........#P....YY###.....#.......
....##...#......>###..⌠.##.......
....#.#####.....l.#.#..###...⌠...
....#.#..##......P.....#P.#......
................PPP.####...##....
.................PP.##.##...##...
..............................#..
..............................#..


You could see 2 death yaks and a komodo dragon.

Vanquished Creatures
  A hydra (Lair:2)
  3 catoblepae (Lair:3)
  3 two-headed ogres
  2 death yaks (Lair:3)
  A bog body (Lair:3)
  A cyclops (D:11)
  2 black mambas (Lair:3)
  3 cane toads
  Psyche (D:11)
  A kobold demonologist (D:11)
  An unseen horror (D:9)
  9 komodo dragons
  A wolf spider simulacrum (D:12)
  A troll (D:9)
  5 blink frogs (Lair:3)
  2 shadows
  A wyvern (D:10)
  31 yaks
  Eustachio (D:5)
  3 vampire mosquitoes (D:12)
  A basilisk (Lair:2)
  5 swamp worms (Lair:3)
  An acid dragon (D:11)
  5 water moccasins
  10 orc warriors
  A black bear (D:7)
  An ice beast (D:5)
  6 ogres
  5 centaurs
  A phantom (D:7)
  4 kobold brigands
  15 bullfrogs
  3 gnoll sergeants
  2 scorpions
  8 killer bees (D:9)
  6 howler monkeys
  3 electric eels
  4 hounds
  2 jellies
  2 gnoll shamans
  7 orc priests
  3 iguanas
  Jessica (D:2)
  13 orc wizards
  Natasha (thrice) (D:2)
  Robin (D:2)
  20 gnolls
  5 adders
  3 white imps (D:6)
  3 ufetubi
  3 dart slugs
  53 orcs
  7 ball pythons
  4 endoplasms
  2 giant cockroaches (D:1)
  14 goblins
  9 hobgoblins
  6 jackals
  21 kobolds
  2 quokkas (D:3)
  7 bats
  2 frilled lizards (D:1)
  3 rats
350 creatures vanquished.

Vanquished Creatures (others)
  A bullfrog (Lair:3)
  7 fungi
  13 plants
21 creatures vanquished.

Grand Total: 371 creatures vanquished

Notes
Turn   | Place    | Note
-------+----------+-------------------------------------------
     0 | D:1      | DocClef the Minotaur Gladiator began the quest for the Orb.
     0 | D:1      | Reached XP level 1. HP: 18/18 MP: 0/0
   319 | D:1      | Reached XP level 2. HP: 25/26 MP: 1/1
  1040 | D:2      | Noticed Robin
  1042 | D:2      | Reached XP level 3. HP: 33/33 MP: 2/2
  1260 | D:2      | Killed Robin
  1400 | D:2      | Reached skill level 5 in Fighting
  1554 | D:2      | Reached XP level 4. HP: 36/42 MP: 3/3
  1764 | D:2      | Noticed Natasha
  1768 | D:2      | Killed Natasha
  1826 | D:2      | Noticed Natasha
  1831 | D:2      | Killed Natasha
  1904 | D:2      | Reached XP level 5. HP: 45/51 MP: 4/4
  1959 | D:2      | Noticed Jessica
  1965 | D:2      | Killed Jessica
  2254 | D:2      | Noticed Natasha
  2258 | D:2      | Killed Natasha
  2307 | D:2      | Found an ancient bone altar of Kikubaaqudgha.
  2552 | D:3      | Found a faded altar of an unknown god.
  2725 | D:3      | Reached XP level 6. HP: 51/61 MP: 5/5
  2849 | D:3      | Found Jadesy's Antique Armour Boutique.
  2901 | D:3      | Found Raog's Magic Scroll Shoppe.
  3104 | D:3      | Found Vaaniodgh's General Store.
  3577 | D:4      | Reached XP level 7. HP: 34/70 MP: 6/6
  3738 | D:4      | Found a staircase to the Ecumenical Temple.
  3890 | D:4      | Gained mutation: Your body sometimes deteriorates upon
                  | taking damage. [potion of mutation]
  3890 | D:4      | Gained mutation: You are partially covered in large bone
                  | plates. (SH +4) [potion of mutation]
  4089 | D:5      | Entered Level 5 of the Dungeon
  4148 | D:5      | Reached skill level 10 in Fighting
  4165 | D:5      | Noticed Eustachio
  4190 | D:5      | Killed Eustachio
  4365 | D:5      | Reached XP level 8. HP: 65/82 MP: 7/7
  4541 | D:5      | Found Zetaoner's Armour Shoppe.
  5226 | D:6      | Reached skill level 5 in Axes
  5459 | D:6      | Noticed a two-headed ogre
  5469 | D:6      | HP: 2/83 [two-headed ogre/+0 giant club (5)]
  5470 | D:6      | Killed a two-headed ogre
  5471 | D:6      | Reached XP level 9. HP: 4/90 MP: 8/8
  5860 | D:7      | Reached skill level 10 in Axes
  5934 | D:7      | Identified the +1 scale mail of Dawn {rC+ Str+3 Stlth+}
  6371 | D:7      | Found an opulent altar of Gozag.
  6487 | D:8      | Found a staircase to the Lair.
  6506 | D:8      | Found Osentem's Weapon Emporium.
  6702 | Temple   | Entered the Ecumenical Temple
  7005 | Temple   | Became a worshipper of Warmaster Okawaru
  7728 | D:9      | Reached * piety under Okawaru
  7729 | D:9      | Reached XP level 10. HP: 84/97 MP: 9/9
  8088 | D:9      | Noticed a two-headed ogre
  8093 | D:9      | Reached skill level 1 in Polearms
  8097 | D:9      | Killed a two-headed ogre
  8097 | D:9      | Reached ** piety under Okawaru
  8098 | D:9      | Reached skill level 3 in Polearms
  8098 | D:9      | HP: 3/97 [shadow (7)]
  8282 | D:9      | Reached skill level 4 in Polearms
  8561 | D:10     | Entered Level 10 of the Dungeon
  8747 | D:10     | Reached *** piety under Okawaru
  8754 | D:10     | Reached skill level 5 in Polearms
  8765 | D:10     | Reached skill level 15 in Axes
  8772 | D:10     | Reached skill level 6 in Polearms
  8797 | D:10     | Found a staircase to the Orcish Mines.
  9044 | D:9      | HP: 4/97 [orc warrior/+0 dire flail (10)]
  9158 | D:9      | Reached skill level 7 in Polearms
  9158 | D:9      | Reached XP level 11. HP: 104/104 MP: 7/10
  9351 | D:10     | Reached skill level 8 in Polearms
  9435 | D:10     | Reached **** piety under Okawaru
  9769 | D:11     | Noticed a soul eater
  9782 | D:11     | Reached skill level 9 in Polearms
  9921 | D:11     | Reached skill level 10 in Polearms
 10269 | D:11     | Noticed Psyche
 10277 | D:11     | Killed Psyche
 10278 | D:11     | Noticed a two-headed ogre
 10285 | D:11     | Killed a two-headed ogre
 10285 | D:11     | Reached ***** piety under Okawaru
 10286 | D:11     | Reached skill level 11 in Polearms
 10903 | Lair:1   | Entered Level 1 of the Lair of Beasts
 10964 | Lair:1   | Reached skill level 12 in Polearms
 11040 | Lair:1   | Reached skill level 13 in Polearms
 11064 | Lair:1   | Identified the +1 robe "Wanekkurr" {Will- Int+5} (Okawaru
                  | gifted it to you on level 1 of the Lair of Beasts)
 11064 | Lair:1   | Received a gift from Okawaru
 11489 | Lair:1   | Noticed an oklob plant
 11737 | Lair:2   | Noticed a four-headed hydra
 11748 | Lair:2   | Killed a seven-headed hydra
 11749 | Lair:2   | Reached skill level 14 in Polearms
 11749 | Lair:2   | Reached XP level 12. HP: 50/112 MP: 7/11
 12246 | Lair:3   | Noticed a catoblepas
 12259 | Lair:3   | Killed a catoblepas
 12263 | Lair:3   | Noticed a catoblepas
 12424 | Lair:3   | Reached skill level 15 in Polearms
 12545 | Lair:3   | Noticed a catoblepas
 12556 | Lair:3   | Killed a catoblepas
 12635 | Lair:3   | Reached skill level 16 in Polearms
 12824 | Lair:3   | Killed a catoblepas
 13407 | Lair:3   | Reached skill level 17 in Polearms
 13437 | Lair:3   | Found a staircase to the Swamp.
 13614 | Lair:4   | Noticed a death yak
 13615 | Lair:4   | Noticed a death yak
 13619 | Lair:4   | Noticed a death yak
 13623 | Lair:4   | Noticed a death yak
 13626 | Lair:3   | Killed a death yak
 13672 | Lair:4   | Noticed a death yak
 13673 | Lair:4   | Noticed a death yak
 13681 | Lair:3   | Killed a death yak
 13720 | Lair:3   | Mangled by a death yak

Illustrated notes

Levels and vault maps discovered:
D:1:      sevenhm_arrival_forest_fort_large_2, layout_loops_ring
D:2:      layout_basic, basic_altar, uniq_robin, uniq_natasha, uniq_jessica
D:3:      layout_loops_corners, chequers_ecumenical_altar_island, serial_shops,
          shop, shop, nicolae_shop_advertising_works
          [nicolae_subvault_shop_adworks], grunt_ministairs_5,
          minmay_misc_feat_tiny
D:4:      layout_basic, minmay_temple_entry_purple_smoke
D:5:      layout_loops_cross, serial_shops, shop, minmay_statues_item,
          uniq_eustachio
D:6:      layout_loops_ring
D:7:      layout_loops_ring, mainiacjoe_overflow_alcove_2
D:8:      layout_loops_ring, lair_entry_dummy, serial_shops,
          nicolae_shop_bloodbath_and_beyond
D:9:      layout_small_grid
D:10:     layout_rooms, kennysheep_orc_monster_closet_entryway,
          nicolae_concentric_dashed_squares_wild
D:11:     layout_small_grid, uniq_psyche
D:12:     layout_loops_ring, serial_bayou, serial_bayou_pond_a,
          serial_bayou_pond_c, serial_bayou_lake_a, serial_bayou_lagoon_a
Temple:   mainiacjoe_temple_circle_huts
Lair:1:   minmay_lair_oklob_tunnel, layout_regular_city
Lair:2:   layout_roguey, infiniplex_staircase_pool, grunt_megastairs_5
Lair:3:   layout_regular_city, nicolae_swamp_entry_splash_gauntlet,
          grunt_megastairs_3
Lair:4:   layout_regular_city, dummy_spider_entry, nicolae_volcano_entry_s_turn,
          chequers_serial_rivers_micro_b, chequers_serial_rivers_small_3

Skill      XL: |  1  2  3  4  5  6  7  8  9 10 11 12 |
---------------+-------------------------------------+-----
Fighting       | 3 4 5 6 7 9 11 12 | 12.0
Axes           | 9 12 15 | 15.0
Polearms       | 7 14 17 | 17.7
Throwing       | |  2.0
Dodging        | |  3.2

Action                   |  1- 3 |  4- 6 |  7- 9 | 10-12 || total
-------------------------+-------+-------+-------+-------++-------
Melee: War axe           |    69 |   103 |   262 |    24 ||   458
       Headbutt          |     8 |    17 |    37 |    79 ||   141
       Punch             |       |     2 |     2 |       ||     4
       Glaive            |       |       |       |   202 ||   202
       Scythe            |       |       |       |   217 ||   217
Invok: Heroism           |       |       |       |    10 ||    10
  Use: Scroll            |     3 |       |     9 |     4 ||    16
       Potion            |     1 |     1 |     2 |     9 ||    13
Armor: Leather armour    |     7 |       |       |       ||     7
       Scale mail        |    26 |    16 |       |       ||    42
       Troll leather arm |       |    14 |    41 |   100 ||   155
Dodge: Dodged            |    49 |    72 |   160 |   224 ||   505
Block: Other             |       |       |    39 |    62 ||   101

Table legend: (Time is in decaauts)
 A = Elapsed time spent in this place.
 B = Non-inter-level travel time spent in this place.
 C = Inter-level travel time spent in this place.
 D = Time resting spent in this place.
 E = Time spent auto-exploring this place.
 F = Levels seen in this place.
 G = Mean time per level.
                   A        B        C        D        E       F      G
               +--------+--------+--------+--------+--------+-----+--------+
         Total |  13793 |  13032 |    761 |   1651 |   9170 |  17 |  811.4 |
       Dungeon |  10700 |  10029 |    671 |   1348 |   6829 |  12 |  891.7 |
        Temple |    322 |    285 |     37 |      0 |    262 |   1 |  322.0 |
          Lair |   2770 |   2719 |     51 |    303 |   2079 |   4 |  692.5 |
               +--------+--------+--------+--------+--------+-----+--------+

Top non-repeatable levels by time:
  Lair:3: 1427 daAuts
     D:2: 1264 daAuts
     D:9: 1250 daAuts
     D:1: 1236 daAuts
     D:8: 945 daAuts
     D:3: 928 daAuts
     D:5: 927 daAuts
     D:6: 847 daAuts
     D:4: 826 daAuts
    D:11: 789 daAuts
     D:7: 722 daAuts
  Lair:2: 709 daAuts
    D:10: 639 daAuts
  Lair:1: 611 daAuts
    D:12: 323 daAuts
